 Dungeon Crawl Stone Soup version 0.30-a0-857-gcaf70739d4 (webtiles) character file.

Game seed: 8731442901448134119

65 mitchisshort the Chopper (level 3, -5/30 HPs)
             Began as a Minotaur Gladiator on Mar 5, 2023.
             Slain by an orc
             ... wielding a +2 flail of protection
              (6 damage)
             ... on level 4 of the Dungeon.
             The game lasted 00:03:52 (2393 turns).

mitchisshort the Chopper (Minotaur Gladiator)       Turns: 2393, Time: 00:03:53

Health: -5/30      AC:  8    Str: 26    XL:     3   Next: 92%
Magic:  2/2        EV:  9    Int:  5    God:
Gold:   254        SH:  0    Dex: 11    Spells: 2/2 levels left

rFire   . . .      SeeInvis .    l - +0 mace (protect)
rCold   . . .      Faith    .    (no shield)
rNeg    . . .      Spirit   .    r - +0 chain mail
rPois   .          Reflect  .    c - +0 hat
rElec   .          Rampage  .    (no cloak)
rCorr   .                        (no gloves)
Will    .....                    (no boots) Stlth
                                 (no amulet)
HPRegen 0.25/turn                m - ring of wizardry
MPRegen 0.08/turn                u - +6 ring of strength

@: confused
A: horns 2, retaliatory headbutt
a: no special abilities


You were on level 4 of the Dungeon.
You visited 1 branch of the dungeon, and saw 4 of its levels.

You collected 254 gold pieces.

Inventory:

Hand Weapons
 a - a +0 war axe
 l - a +0 mace of protection (weapon)
Missiles
 d - 5 throwing nets (quivered)
 e - a javelin
Armour
 b - a +0 leather armour
 c - a +0 hat (worn)
 r - a +0 chain mail (worn)
Jewellery
 h - a ring of magical power
 m - a ring of wizardry (left hand)
 u - a +6 ring of strength (right hand)
Scrolls
 g - a scroll of torment
 k - 2 scrolls of identify {unknown}
 o - a scroll of enchant weapon {unknown}
 p - 2 scrolls of teleportation {unknown}
 s - 2 scrolls of enchant armour {unknown}
 t - a scroll of fear {unknown}
 v - a scroll of magic mapping {unknown}
 x - a scroll of immolation {unknown}
Potions
 f - a potion of might {unknown}
 i - a potion of mutation {unknown}
 j - a potion of flight {unknown}
 n - 2 potions of curing {unknown}
 q - a potion of haste {unknown}
 w - a potion of lignification {unknown}


   Skills:
 + Level 2.6 Fighting
 + Level 4.5(4.6) Axes
 + Level 0.3(2.8) Maces & Flails
 + Level 2.0 Throwing
 + Level 1.3 Armour
 + Level 4.1 Dodging
 + Level 0.2 Stealth


You had 2 spell levels left.
You didn't know any spells.
Your spell library was empty.

Dungeon Overview and Level Annotations

Branches:
Dungeon (4/15)
 Temple: D:4-7

Altars:
Hepliaklqana


Innate Abilities, Weirdness & Mutations

You have a pair of horns on your head.
You reflexively headbutt those who attack you in melee.


Message History

There is a stone staircase leading down here.
You climb downwards.
The orc shouts! x2; You hear a shout!
Found 7 stones.
There is a stone staircase leading up here.
The orc hits you with a +2 flail of protection.
The orc wizard points at you and mumbles some strange words.
You are confused.
A goblin comes into view. It is wielding a +0 dagger.
The orc hits you but does no damage.
The orc wizard hits you with a +0 dagger.
There is a stone staircase leading up, spattered with blood here.
The orc wizard attacks as you move away!
The orc wizard closely misses you.
Found a club.
The orc hits you with a +5 dagger. The orc closely misses you.
You miss the orc. Your headbutt misses the orc. The orc barely misses you.
The orc hits you but does no damage.
The orc wizard hits you with a +0 dagger.
You miss the orc. Your headbutt misses the orc.
The orc hits you but does no damage. The orc hits you with a +5 dagger.
The orc hits you but does no damage.
The orc wizard gestures at you while chanting.
You are more confused.
You barely miss the orc. Your headbutt misses the orc.
The orc hits you with a +2 flail of protection.
The orc misses you. The orc hits you but does no damage.
The orc wizard hits you but does no damage.
The orc hits you with a +0 short sword.
* * * LOW HITPOINT WARNING * * *
You closely miss the orc. The orc hits you but does no damage.
The orc closely misses you. The orc wizard casts a spell at you.
The puff of flame hits you.
* * * LOW HITPOINT WARNING * * *
The orc hits you with a +5 dagger.
* * * LOW HITPOINT WARNING * * *
The orc hits you but does no damage. The orc barely misses you.
The orc wizard barely misses you.
The orc hits you with a +2 flail of protection.
You die...

#..... .####
##....##.#... #
##.#..........
..#.............
#.............#.
#...............
................
.......ooo......
.###...o@g...(..
#...o....#...
#......#..## .
.......##..#
#...... ...
....... ..##
..#.... ... #.).
..##


You could see an orc wizard, 4 orcs and a goblin.

Vanquished Creatures
  2 adders (D:3)
  A dart slug (D:2)
  6 ball pythons
  5 bats
  An endoplasm (D:3)
  A giant cockroach (D:1)
  8 goblins
  4 hobgoblins
  5 kobolds
  2 quokkas (D:1)
  3 frilled lizards
  4 rats
  2 bushes (D:2)
44 creatures vanquished.

Notes
Turn   | Place    | Note
-------+----------+-------------------------------------------
     0 | D:1      | mitchisshort the Minotaur Gladiator began the quest for the
                  | Orb.
     0 | D:1      | Reached XP level 1. HP: 18/18 MP: 0/0
   167 | D:1      | Reached XP level 2. HP: 25/25 MP: 1/1
  1010 | D:2      | Reached XP level 3. HP: 26/30 MP: 2/2
  1176 | D:2      | Reached skill level 1 in Armour
  2016 | D:3      | Found a hazy altar of Hepliaklqana.
  2393 | D:4      | HP: 1/30 [orc/+5 dagger (3)]
  2393 | D:4      | Slain by an orc

Illustrated notes

Levels and vault maps discovered:
D:1:      eino_arrival_water_star, layout_basic, nrook_mini_vaults,
          minmay_pentomino_t2
D:2:      layout_loops_ring, minmay_hedge_maze
D:3:      cheibrodos_helix_gallery, layout_loops_ring,
          nicolae_overflow_crystal_walls, guppyfry_early_lair_pool
D:4:      layout_cave_pools, serial_column_ruins, column_ruins_open_tiny,
          column_ruins_open_tiny, column_ruins_open_small, column_ruins_grid_1,
          column_ruins_columns_straight, chequers_serial_rivers_micro_d,
          uniq_eustachio

Skill      XL: |  1  2  3 |
---------------+----------+-----
Axes           | 4 |  4.5
Armour         | 1 |  1.3
Dodging        | 4 |  4.1
Fighting       | |  2.6
Maces & Flails | |  0.3
Throwing       | |  2.0
Stealth        | |  0.2

Action                     || total
---------------------------++-------
  Melee: War axe           ||    29
         Headbutt          ||    49
         Mace              ||   140
         Punch             ||     3
    Use: Scroll            ||     1
 Armour: Leather armour    ||    29
         Chain mail        ||    21
  Dodge: Dodged            ||    82

Table legend: (Time is in decaauts)
 A = Elapsed time spent in this place.
 B = Non-inter-level travel time spent in this place.
 C = Inter-level travel time spent in this place.
 D = Time resting spent in this place.
 E = Time spent auto-exploring this place.
 F = Levels seen in this place.
 G = Mean time per level.
                   A        B        C        D        E       F      G
               +--------+--------+--------+--------+--------+-----+--------+
         Total |   2440 |   2360 |     80 |    149 |   1417 |   4 |  610.0 |
       Dungeon |   2440 |   2360 |     80 |    149 |   1417 |   4 |  610.0 |
               +--------+--------+--------+--------+--------+-----+--------+

Top non-repeatable levels by time:
     D:3: 929 daAuts
     D:2: 760 daAuts
     D:1: 742 daAuts
     D:4: 7 daAuts
